 Seeded DCSS version 0.31-a0-232-gb1c03b2570 (webtiles) character file.

Game seed: 13427028259722252286 (custom seed)

28270 innerfire43 the Cleaver (level 13, -4/108 HPs)
             Began as a Demonspawn Monk on July 7, 2023.
             Was the Champion of Cheibriados.
             Slain by a 12-headed hydra (7 damage)
             ... on level 5 of the Lair of Beasts.
             The game lasted 00:26:50 (12126 turns).

innerfire43 the Cleaver (Demonspawn Monk)          Turns: 12126, Time: 00:26:51

Health: -4/108     AC: 13    Str: 30    XL:     13   Next: 8%
Magic:  25/25      EV: 24    Int: 28    God:    Cheibriados [******]
Gold:   826        SH:  0    Dex: 31    Spells: 16/29 levels left

rFire   . . .        a - +8 war axe
rCold   . . .        d - orb {light}
rNeg    . . .        J - +0 troll leather armour
rPois   .            q - +0 helmet
rElec   .            O - +1 cloak
rCorr   .            g - +0 pair of gloves
SInv    .            l - +0 pair of boots
Will    .....        (no amulet)
Stlth   +            C - +5 ring of evasion
HPRegen 1.18/turn    G - +4 ring of slaying
MPRegen 0.19/turn

%: clarity
@: confused, ambrosia-drunk, wereblooded (expiring), glowing, very slow
A: thin metallic scales 1, demonic guardian 2, powered by pain 1, weakness
stinger 2, hooves 1, clarity, robust 1
a: Renounce Religion, Bend Time, Temporal Distortion, Slouch, Step From Time


You were on level 5 of the Lair of Beasts.
You worshipped Cheibriados.
Cheibriados was exalted by your worship.
You visited 3 branches of the dungeon, and saw 14 of its levels.
You also visited: Sewer and Ossuary.

You collected 826 gold pieces.

Inventory:

Hand Weapons
 a - a +8 war axe (weapon)
 b - a +5 hand axe
 y - a +3 dagger
Missiles
 s - a throwing net
Armour
 d - an orb of light (worn)
 g - a +0 pair of gloves (worn)
 l - a +0 pair of boots (worn)
 n - the +0 helmet "Porrityl" {-Cast +Blink rN+ Will+}
   (You found it on level 1 of the Lair of Beasts)

   rN:        It protects you from negative energy.
   +Blink:    It lets you blink.
   -Cast:     It prevents spellcasting.
   Will:      It increases your willpower.
 q - a +0 helmet (worn)
 J - a +0 troll leather armour (worn)
 M - +0 steam dragon scales
 O - a +1 cloak (worn)
Jewellery
 o - a +6 ring of strength
 p - the ring of Otweirou {Will++ Int+6 Dex+4}
   (You found it on level 5 of the Dungeon)

   [ring of intelligence]

   Int:       It affects your intelligence (+6).
   Dex:       It affects your dexterity (+4).
   Will:      It greatly increases your willpower.
 z - a +6 ring of strength
 C - a +5 ring of evasion (left hand)
 G - a +4 ring of slaying (right hand)
 L - a +6 ring of intelligence
Wands
 v - a wand of quicksilver (6)
 K - a wand of charming (20)
 N - a wand of mindburst (17)
 Q - a wand of roots (5)
Scrolls
 h - a scroll of revelation
 j - 5 scrolls of teleportation
 k - 4 scrolls of immolation
 r - a scroll of blinking
 t - a scroll of amnesia
 F - 2 scrolls of fog
Potions
 c - 8 potions of ambrosia
 e - 2 potions of attraction
 f - a potion of haste
 i - 3 potions of resistance
 m - 5 potions of cancellation
 u - a potion of degeneration
 w - a potion of lignification
 x - 2 potions of mutation
 A - a potion of brilliance
 B - a potion of magic
 D - 2 potions of might
 E - 3 potions of enlightenment
 I - a potion of berserk rage {unknown}
 P - a potion of curing


   Skills:
 + Level 8.7 Fighting
 + Level 10.0 Axes
 - Level 8.2 Armour
 - Level 7.0 Dodging
 * Level 8.5 Spellcasting
 * Level 1.7 Conjurations
 - Level 8.3 Transmutations
 * Level 1.5 Fire Magic
 * Level 1.4 Air Magic
 - Level 6.3 Invocations
 + Level 1.0 Evocations


You had 16 spell levels left.
You knew the following spells:

 Your Spells              Type           Power      Damage    Failure   Level
a - Wereblood             Tmut           55%        N/A       1%          2
b - Plasma Beam           Fire/Air       10%        2x1d21    99%         6
c - Arcjolt               Conj/Air       10%        1d20      58%         5

Your spell library contained the following spells:

 Spells                   Type           Power      Damage    Failure   Level
 Beastly Appendage        Tmut           100%       N/A       1%          1
 Magic Dart               Conj           84%        1d7       2%          1
 Spider Form              Tmut/Pois      35%        N/A       2%          3
 Call Imp                 Summ           22%        N/A       8%          2
 Mephitic Cloud           Conj/Pois/Air  17%        N/A       10%         3
 Vhi's Electric Charge    Tloc/Air       32%        N/A       11%         3
 Olgreb's Toxic Radiance  Pois           11%        N/A       45%         4
 Discord                  Hex            5%         N/A       100%        8
 Ignition                 Fire           10%        3d5       100%        8


Dungeon Overview and Level Annotations

Branches:
Dungeon (8/15)             Temple (1/1) D:5            Lair (5/5) D:8
 Shoals (0/4) Lair:2       Spider (0/4) Lair:3        Slime (0/5) Lair:4
  Sewer (visited)         Ossuary (visited)

Altars:
Ashenzari
Cheibriados
Dithmenos
Fedhas
Gozag
Hepliaklqana
Makhleb
Nemelex Xobeh
Okawaru
Ru
Sif Muna
Trog
Uskayaw
Vehumet
Wu Jian
Xom
Yredelemnul
Jiyva

Shops:
D:1 (   D:2 :   D:7 (   D:8 *

Portals:
Abyss: D:4

Annotations:
D:4 2 transporters, AwFulAwFulPlayer's ghost, amateur DsCK


Innate Abilities, Weirdness & Mutations

You are partially covered in thin metallic scales. (AC +2)
A demonic guardian rushes to your aid.
You sometimes gain a little power by taking damage.
You have a tail ending in a sharp stinger.
You have large cloven feet.
You possess an exceptional clarity of mind.
You are robust. (+10% HP)


Message History

The 11-headed hydra completely misses you. x2
You are too injured to fight recklessly!
You feel much better. The 11-headed hydra misses you.
The 11-headed hydra completely misses you.
The 11-headed hydra bites you but does no damage.
The 11-headed hydra misses you. x2
The 11-headed hydra completely misses you.
The 11-headed hydra bites you but does no damage.
The 11-headed hydra misses you. The 11-headed hydra closely misses you.
The 11-headed hydra bites you! The 11-headed hydra misses you.
You chop one of the 11-headed hydra's heads off!
The ten-headed hydra grows two more!
You slash the 12-headed hydra!
The 12-headed hydra is severely wounded.
You chop one of the six-headed hydra's heads off!
The five-headed hydra grows two more!
You slash the seven-headed hydra!
You howl as the wereblood boils in your veins!
Your primal bloodlust is almost over.
The 12-headed hydra misses you. The 12-headed hydra barely misses you.
The 12-headed hydra bites you. The 12-headed hydra misses you. x2
The 12-headed hydra bites you! The 12-headed hydra barely misses you.
The 12-headed hydra closely misses you. x3
The 12-headed hydra bites you but does no damage. x2
The seven-headed hydra closely misses you.
The seven-headed hydra barely misses you.
The seven-headed hydra misses you. The seven-headed hydra bites you.
* * * LOW HITPOINT WARNING * * *
The seven-headed hydra bites you!
* * * LOW HITPOINT WARNING * * *
A demonic guardian appears!
The seven-headed hydra bites you!
* * * LOW HITPOINT WARNING * * *
The seven-headed hydra bites you but does no damage.
You are confused.
You feel invigorated.
The 12-headed hydra completely misses you.
The 12-headed hydra bites you!
* * * LOW HITPOINT WARNING * * *
The 12-headed hydra closely misses you.
The 12-headed hydra completely misses you.
The 12-headed hydra bites you!
You die...

## ##.............. #
#..P............. #
###...........<.... #
##...###............ #
#.#..##............. ##
#....##.............
.#####...####.4.........
.#...#..## #............
.......## ##...@.......
##....##### #P..DD......
###....#.# #...........
#.#....######..#.#..#
##...†...#....###.# .#
##.............. . .
#............... .
#........†...... ..
#............P)..


You could see a 12-headed hydra, a seven-headed hydra (ally target) and a
friendly hellwing (summoned).

Vanquished Creatures
  A boulder beetle (Lair:3)
  A demonic crawler (Lair:1)
  4 skysharks
  5 elephants (Lair:4)
  Maurice (D:8)
  A black mamba (Lair:1)
  A torpor snail (Lair:4)
  12 cane toads
  3 rime drakes
  10 komodo dragons
  A queen bee (Lair:1)
  A troll (D:7)
  Prince Ribbit (D:7)
  A polar bear (Lair:1)
  A snapping turtle (Lair:2)
  7 dream sheep
  A shadow (D:8)
  36 yaks
  4 basilisks
  2 wyverns
  2 steam dragons
  Menkaure (D:6)
  2 swamp worms (Lair:1)
  11 water moccasins
  A black bear (Lair:1)
  An ogre (D:4)
  2 centaurs
  2 phantoms
  9 bullfrogs
  An elf zombie (Ossuary)
  2 kobold brigands (D:8)
  A gnoll sergeant (D:8)
  7 wights
  19 killer bees (Lair:1)
  A howler monkey (D:8)
  A human zombie (Ossuary)
  2 orc priests
  5 hounds
  6 jellies
  A gnoll bouda (Lair:4)
  5 sleepcaps
  An iguana (D:6)
  Natasha (D:2)
  6 orc wizards
  14 hell rats
  4 mummies (Ossuary)
  8 adders
  7 gnolls
  A shadow imp (D:5)
  5 ufetubi
  A worm (D:4)
  3 dart slugs
  20 orcs
  6 bats
  8 endoplasms
  6 giant cockroaches
  7 goblins
  3 hobgoblins
  4 quokkas
  6 ball pythons
  6 frilled lizards
  3 gnoll zombies (Ossuary)
  A goblin zombie (Ossuary)
  2 hobgoblin zombies (Ossuary)
  40 kobolds
  2 kobold zombies (Ossuary)
  An orc zombie (Ossuary)
  10 rats
  3 rat zombies
355 creatures vanquished.

Vanquished Creatures (collateral kills)
  A hydra (Lair:2)
  A black mamba (Lair:1)
  2 yaks (Lair:4)
  A basilisk (Lair:3)
  2 jellies
  An orc wizard (D:5)
  2 orcs
10 creatures vanquished.

Grand Total: 365 creatures vanquished

Notes
Turn   | Place    | Note
-------+----------+-------------------------------------------
     0 | D:1      | innerfire43 the Demonspawn Monk began the quest for the
                  | Orb.
     0 | D:1      | Reached XP level 1. HP: 18/18 MP: 1/1
   223 | D:1      | Reached skill level 3 in Axes
   226 | D:1      | Gained mutation: You are partially covered in thin metallic
                  | scales. (AC +2) [demonic ancestry]
   226 | D:1      | Reached XP level 2. HP: 23/24 MP: 2/2
   579 | D:1      | Found Foghidol's Weapon Shoppe.
   608 | D:1      | Gained mutation: A weak demonic guardian rushes to your
                  | aid. [demonic ancestry]
   608 | D:1      | Reached XP level 3. HP: 29/29 MP: 3/3
  1146 | D:2      | Found Demuomoto's Book Emporium.
  1334 | D:2      | Noticed Natasha
  1351 | D:2      | Killed Natasha
  1664 | D:2      | Reached XP level 4. HP: 35/35 MP: 4/4
  2177 | D:3      | Reached skill level 4 in Axes
  2455 | D:3      | Reached XP level 5. HP: 40/41 MP: 5/5
  2881 | D:4      | Noticed an ogre
  2888 | D:4      | Killed an ogre
  2929 | D:4      | Found a one-way gate to the infinite horrors of the Abyss.
  2929 | D:4      | Noticed AwFulAwFulPlayer's ghost (amateur DsCK)
  2942 | D:4      | Noticed a small abomination
  2986 | D:4      | Gained mutation: You have a small tail. [demonic ancestry]
  2986 | D:4      | Reached XP level 6. HP: 47/47 MP: 6/6
  3139 | D:4      | Reached skill level 5 in Axes
  3139 | D:4      | Reached skill level 5 in Dodging
  3199 | D:4      | Found a glowing drain.
  3215 | Sewer    | Entered a sewer
  3621 | D:4      | Found a transporter.
  3625 | D:4      | Found a transporter.
  3635 | D:4      | Noticed a toenail golem
  3814 | D:5      | Entered Level 5 of the Dungeon
  3881 | D:5      | Gained mutation: You have a tail ending in a sharp stinger.
                  | [demonic ancestry]
  3881 | D:5      | Reached XP level 7. HP: 47/52 MP: 7/7
  4038 | D:5      | Found a sand-covered staircase.
  4049 | Ossuary  | Entered an ossuary
  4220 | Ossuary  | Gained mutation: You have large cloven feet. [potion of
                  | mutation]
  4220 | Ossuary  | Gained mutation: You are robust. (+10% HP) [potion of
                  | mutation]
  4220 | Ossuary  | Gained mutation: You possess an exceptional clarity of
                  | mind. [potion of mutation]
  4251 | D:5      | Identified the ring of Otweirou {Will++ Int+6 Dex+4}
  4315 | D:5      | Reached skill level 6 in Axes
  4407 | D:5      | Found a staircase to the Ecumenical Temple.
  4497 | Temple   | Entered the Ecumenical Temple
  4597 | Temple   | Became a worshipper of Cheibriados the Contemplative
  4597 | Temple   | Reached * piety under Cheibriados
  4597 | Temple   | Reached ** piety under Cheibriados
  4960 | D:6      | Noticed a steam dragon
  4964 | D:6      | Killed a steam dragon
  5013 | D:6      | Gained mutation: You sometimes gain a little power by
                  | taking damage. [demonic ancestry]
  5013 | D:6      | Reached XP level 8. HP: 59/63 MP: 8/8
  5080 | D:6      | Noticed Menkaure
  5086 | D:6      | Killed Menkaure
  5087 | D:6      | Reached skill level 7 in Axes
  5343 | D:6      | Reached skill level 1 in Armour
  5408 | D:6      | Reached *** piety under Cheibriados
  5953 | D:7      | Found Haontog's Antique Weapon Emporium.
  6113 | D:7      | Learned a level 2 spell: Wereblood
  6573 | D:7      | Noticed a troll
  6580 | D:7      | Killed a troll
  6588 | D:7      | Gained mutation: A demonic guardian rushes to your aid.
                  | [demonic ancestry]
  6588 | D:7      | Reached XP level 9. HP: 66/72 MP: 9/9
  6843 | D:7      | Noticed Prince Ribbit
  6852 | D:7      | Killed Prince Ribbit
  7187 | D:8      | Reached skill level 5 in Fighting
  7187 | D:8      | Reached skill level 5 in Armour
  7199 | D:8      | Found Roinoc's Lightly-Used Armoury.
  7347 | D:8      | Reached **** piety under Cheibriados
  7386 | D:8      | Reached skill level 1 in Spellcasting
  7386 | D:8      | Reached skill level 1 in Transmutations
  7661 | D:8      | Noticed Maurice
  7668 | D:8      | Killed Maurice
  7669 | D:8      | Reached skill level 8 in Axes
  7669 | D:8      | Reached skill level 1 in Invocations
  7895 | D:8      | Found a staircase to the Lair.
  7896 | D:8      | Noticed a komodo dragon
  7909 | D:8      | Killed a komodo dragon
  7910 | D:8      | Reached XP level 10. HP: 64/83 MP: 13/13
  8028 | Lair:1   | Entered Level 1 of the Lair of Beasts
  8539 | Lair:1   | Noticed a black mamba
  8542 | Lair:1   | Killed a black mamba
  8683 | Lair:1   | Identified the +0 helmet "Porrityl" {-Cast +Blink rN+
                  | Will+}
  8709 | Lair:1   | Noticed a demonic crawler
  8750 | Lair:1   | Killed a demonic crawler
  8840 | Lair:1   | Noticed a black mamba
  8847 | Lair:1   | Killed a black mamba
  8996 | Lair:1   | Reached ***** piety under Cheibriados
  9006 | Lair:1   | Reached XP level 11. HP: 70/91 MP: 15/18
  9131 | Lair:2   | Noticed a five-headed hydra
  9139 | Lair:2   | Reached skill level 5 in Spellcasting
  9139 | Lair:2   | Reached skill level 5 in Transmutations
  9141 | Lair:2   | HP: 4/91 [12-headed hydra (5)]
  9143 | Lair:2   | Killed a 12-headed hydra
  9248 | Lair:2   | Reached skill level 5 in Invocations
  9381 | Lair:2   | Reached skill level 9 in Axes
  9560 | Lair:2   | Found a staircase to the Shoals.
 10188 | Lair:3   | Noticed a boulder beetle
 10334 | Lair:3   | Reached ****** piety under Cheibriados
 10373 | Lair:3   | Reached XP level 12. HP: 94/100 MP: 22/22
 10568 | Lair:3   | Found a hole to the Spider Nest.
 10682 | Lair:3   | Identified the +1 helmet "Eloitask" {+Inv rF+}
 10892 | Lair:3   | Killed a boulder beetle
 11405 | Lair:4   | Found a viscous altar of Jiyva.
 11412 | Lair:4   | Found a staircase to the Slime Pits.
 11622 | Lair:4   | Learned a level 6 spell: Plasma Beam
 11628 | Lair:4   | Learned a level 5 spell: Arcjolt
 11890 | Lair:5   | Entered Level 5 of the Lair of Beasts
 11912 | Lair:5   | Reached skill level 10 in Axes
 11912 | Lair:5   | Reached skill level 1 in Conjurations
 11912 | Lair:5   | Reached skill level 1 in Fire Magic
 11912 | Lair:5   | Reached skill level 1 in Air Magic
 11912 | Lair:5   | Reached XP level 13. HP: 108/108 MP: 25/25
 12100 | Lair:5   | Reached skill level 1 in Evocations
 12126 | Lair:5   | HP: 3/108 [12-headed hydra (10)]
 12126 | Lair:5   | Slain by a 12-headed hydra

Illustrated notes

Levels and vault maps discovered:
D:1:      nzn_arrival_depleted_hourglass, layout_basic, serial_shops, shop,
          nicolae_houndstooth_variations
D:2:      layout_basic, serial_shops, nicolae_shop_getting_attention,
          uniq_natasha
D:3:      layout_basic
D:4:      minmay_angry_zag, layout_cave_pools, cheibrodos_sewer_entry_bend,
          gammafunk_ghost_abyssal_escape
D:5:      layout_basic, minmay_temple_entry_slanted, enter_ossuary_3
D:6:      layout_cave_pods, palyth_stone_intersect, uniq_menkaure
D:7:      layout_cave_pods, serial_shops, shop, serial_park_tiny_1,
          kennysheep_boxes, uniq_prince_ribbit1
D:8:      kennysheep_steamy, layout_loops_cross, david_lair_shrubbed,
          minmay_shop_damaged, uniq_maurice
Temple:   nicolae_temple_bog_church
Lair:1:   layout_layer_cave, special_room [special_room_bee], worms_lemuel,
          grunt_megastairs_2, infiniplex_staircase_pool
Lair:2:   layout_regular_city, minmay_shoals_entry_hut, st_stairs_10,
          grunt_megastairs_5, lemuel_fruit_fields, lemuel_fruit_fields
Lair:3:   layout_cellular_growth, dummy_spider_entry, serial_bayou_shore_b,
          serial_bayou_shore_a
Lair:4:   layout_small_grid, nicolae_slime_entry_field_trip,
          dreamdust_gnoll_shepherd, grunt_megastairs_3, lemuel_fruit_fields
Lair:5:   due_jungle_book, layout_cave_pods, st_stairs_4, lemuel_fruit_fields,
          lemuel_fruit_tree

Skill      XL: |  1  2  3  4  5  6  7  8  9 10 11 12 13 |
---------------+----------------------------------------+-----
Axes           | 3 4 5 6 7 8 9 10 | 10.0
Dodging        | 3 4 5 6 7 |  7.0
Armour         | 4 5 6 7 8 |  8.2
Fighting       | 4 5 6 7 8 |  8.7
Spellcasting   | 2 4 6 8 |  8.5
Transmutations | 2 4 6 8 |  8.3
Invocations    | 1 4 6 |  6.3
Conjurations   | 1 |  1.7
Fire Magic     | 1 |  1.5
Air Magic      | 1 |  1.4
Evocations     | 1 |  1.0

Action                     |  1- 3 |  4- 6 |  7- 9 | 10-12 | 13-15 || total
---------------------------+-------+-------+-------+-------+-------++-------
  Melee: Hand axe          |   114 |    35 |       |       |       ||   149
         War axe           |       |   113 |   195 |   332 |    19 ||   659
         Tailslap          |       |    12 |    34 |    71 |     4 ||   121
   Cast: Wereblood         |       |       |       |     8 |     1 ||     9
    Use: Scroll            |       |       |    18 |     4 |       ||    22
         Potion            |       |       |     2 |     9 |     2 ||    13
   Stab: Distracted        |       |       |       |     1 |       ||     1
 Armour: Robe              |    30 |    50 |    40 |       |       ||   120
         Plate armour      |       |       |    11 |       |       ||    11
         Troll leather arm |       |       |    15 |   159 |    14 ||   188
  Dodge: Dodged            |    83 |   135 |   213 |   695 |    57 ||  1183

Table legend: (Time is in decaauts)
 A = Elapsed time spent in this place.
 B = Non-inter-level travel time spent in this place.
 C = Inter-level travel time spent in this place.
 D = Time resting spent in this place.
 E = Time spent auto-exploring this place.
 F = Levels seen in this place.
 G = Mean time per level.
                   A        B        C        D        E       F      G
               +--------+--------+--------+--------+--------+-----+--------+
         Total |  16833 |  15369 |   1464 |      0 |  12446 |  16 | 1052.1 |
       Dungeon |   9239 |   8157 |   1082 |      0 |   6860 |   8 | 1154.9 |
        Temple |    130 |    103 |     27 |      0 |     81 |   1 |  130.0 |
          Lair |   6918 |   6564 |    354 |      0 |   5181 |   5 | 1383.6 |
         Sewer |    343 |    343 |      0 |      0 |    203 |   1 |  343.0 |
       Ossuary |    201 |    201 |      0 |      0 |    119 |   1 |  201.0 |
               +--------+--------+--------+--------+--------+-----+--------+

Top non-repeatable levels by time:
     D:6: 1923 daAuts
  Lair:1: 1776 daAuts
  Lair:2: 1717 daAuts
  Lair:3: 1595 daAuts
     D:8: 1458 daAuts
  Lair:4: 1439 daAuts
     D:7: 1354 daAuts
     D:2: 1051 daAuts
     D:1: 991 daAuts
     D:5: 954 daAuts
     D:3: 854 daAuts
     D:4: 651 daAuts
  Lair:5: 389 daAuts
   Sewer: 343 daAuts
 Ossuary: 201 daAuts
